 Dungeon Crawl Stone Soup version 0.22-a0-86-g94e0ad4 (webtiles) character file.

329 KristoblXynda the Charlatan (level 6, 0/43 HPs)
             Began as a Spriggan Artificer on Jan 20, 2018.
             Slain by a centaur zombie (5 damage)
             ... in an ossuary.
             The game lasted 00:10:12 (5802 turns).

KristoblXynda the Charlatan (Spriggan Artificer)    Turns: 5802, Time: 00:10:13

Health: 0/43       AC: 23    Str:  9    XL:     6   Next: 25%
Magic:  20/20      EV:  4    Int: 14    God:
Gold:   140        SH:  0    Dex: 16    Spells: 5/5 levels left

rFire    . . .     SeeInvis +   j - +0 dagger
rCold    . . .     Gourm    .   (shield restricted)
rNeg     + + +     Faith    .   (armour currently unavailable)
rPois    +         Spirit   .   (helmet currently unavailable)
rElec    .         Reflect  .   (cloak currently unavailable)
rCorr    .         Harm     .   (gloves unavailable)
MR       +....     NoTele   +   (boots unavailable)
Stlth    +++.......             (no amulet)
HPRegen  0.14/turn              q - ring of magical power
MPRegen  0.17/turn              (no ring)

@: tree-form
A: very small, unfitting armour, see invisible, herbivore, slow metabolism 2
a: no special abilities


You were in an ossuary.
You were not hungry.
You were a tree.
You visited 1 branch of the dungeon, and saw 4 of its levels.
You also visited: Ossuary.

You collected 140 gold pieces.

Inventory:

Hand Weapons
 j - a +0 dagger (weapon)
Missiles
 k - 14 poisoned needles
Armour
 v - a cursed +0 robe (melded)
Jewellery
 b - an uncursed amulet of the gourmand {unknown}
 q - a ring of magical power (left branch)
Wands
 d - a wand of enslavement (10)
 e - a wand of random effects (1)
Scrolls
 a - a scroll of teleportation {unknown}
 g - a scroll of amnesia
 h - a scroll of remove curse {unknown}
 i - 4 scrolls of magic mapping
 p - a scroll of noise {unknown}
 r - a scroll of random uselessness {unknown}
 t - a scroll of fog {unknown}
Potions
 l - 2 potions of curing
 n - a potion of haste {unknown}
 o - a potion of flight {unknown}
 s - a potion of brilliance
 u - a potion of berserk rage {unknown}
Comestibles
 f - 5 rations


   Skills:
 - Level 0.7 Fighting
 + Level 3.5 Short Blades
 + Level 5.4 Dodging
 + Level 5.0 Stealth
 + Level 5.7 Evocations


You had 5 spell levels left.
You didn't know any spells.

Dungeon Overview and Level Annotations

Branches:
Dungeon (4/15)
 Temple: D:4-7

Altars:
Hepliaklqana
Okawaru


Innate Abilities, Weirdness & Mutations

You are very small and have problems with some larger weapons.
You are too small for most types of armour.
You have supernaturally acute eyesight. (SInv)
You are a herbivore.
((You cover ground extremely quickly.))
You need consume almost no food.


Message History

The centaur zombie is severely damaged.
The centaur zombie hits you.
* * * LOW HITPOINT WARNING * * *
You hit the centaur zombie.
The centaur zombie is severely damaged.
The centaur zombie hits you.
* * * LOW HITPOINT WARNING * * *
You hit the centaur zombie.
The centaur zombie is severely damaged.
The centaur zombie hits you but does no damage.
You hit the centaur zombie but do no damage.
The centaur zombie is severely damaged.
The centaur zombie barely misses you.
You hit the centaur zombie but do no damage.
The centaur zombie is severely damaged.
The centaur zombie hits you but does no damage.
You hit the centaur zombie.
The centaur zombie is severely damaged.
The centaur zombie hits you.
You die...

######################
#....................#
#....................#
#........8..8.ZZ.....#
#.................Z..#
#...######ZZ######...#
#...#ZZ♣.#..# #...#
#...#Z#..#..# #...#
#...#.####..####.#...#
#...#ZZ...Z......#...#
#...#..Z....####.#...#
#...#.......# #...#
#...#.......# #...#
#M..#.....∩.# #...#
#...####+..... #...#


You could see a hobgoblin zombie, a kobold zombie and a centaur zombie.

Vanquished Creatures
  An elf zombie (Ossuary)
  A jelly (D:3)
  2 human zombies
  2 human skeletons (D:4)
  A mummy (Ossuary)
  2 adders (D:2)
  2 worms (D:2)
  2 dart slugs (D:1)
  2 orcs (D:3)
  2 ball pythons (D:1)
  2 goblins (D:1)
  7 hobgoblins
  5 jackals
  A quokka (D:3)
  8 bats
  6 hobgoblin zombies (Ossuary)
  6 kobolds
  9 kobold zombies (Ossuary)
  An orc skeleton (D:4)
  3 orc zombies (Ossuary)
  6 rats
71 creatures vanquished.

Vanquished Creatures (collateral kills)
  2 centaur zombies (Ossuary)
  2 hobgoblin zombies (Ossuary)
  2 kobold zombies (Ossuary)
  An orc zombie (Ossuary)
  A rat zombie (Ossuary)
8 creatures vanquished.

Vanquished Creatures (others)
  2 human zombies (Ossuary)
2 creatures vanquished.

Grand Total: 81 creatures vanquished

Notes
Turn   | Place    | Note
-------+----------+-------------------------------------------
     0 | D:1      | KristoblXynda the Spriggan Artificer began the quest for the Orb.
     0 | D:1      | Reached XP level 1. HP: 9/9 MP: 4/4
   449 | D:1      | Reached XP level 2. HP: 9/14 MP: 6/6
  1548 | D:1      | Reached XP level 3. HP: 13/17 MP: 7/7
  2300 | D:2      | Found a hazy altar of Hepliaklqana.
  3084 | D:3      | Reached XP level 4. HP: 21/21 MP: 8/8
  3437 | D:3      | Found an iron altar of Okawaru.
  3929 | D:4      | Reached skill level 5 in Evocations
  4191 | D:4      | Reached XP level 5. HP: 2/25 MP: 9/9
  4401 | D:4      | Found a sand-covered staircase.
  4569 | Ossuary  | Entered an ossuary
  5499 | Ossuary  | Reached skill level 5 in Dodging
  5747 | Ossuary  | Reached XP level 6. HP: 19/29 MP: 11/11
  5788 | Ossuary  | Reached skill level 5 in Stealth
  5802 | Ossuary  | Slain by a centaur zombie

Vault maps used:
D:1:      ncdulo_halloftheorcs, minmay_pentomino_t2
D:2:      lemuel_coloured_pillars_altar, corexii_hall_statues_s
D:3:      lemuel_round_altar, first_ration
D:4:      nicolae_ossuary_entry_catacombs
Ossuary:  ossuary_tomb_1

Skill      XL: |  1  2  3  4  5  6 |
---------------+-------------------+-----
Stealth        | 2 3 4 5 |  5.0
Short Blades   | 2 3 |  3.5
Dodging        | 4 5 |  5.4
Evocations     | 5 |  5.7
Fighting       | |  0.7

Action                   |  1- 3 |  4- 6 || total
-------------------------+-------+-------++-------
Melee: Short sword       |    78 |       ||    78
       Dagger            |   101 |   340 ||   441
Evoke: Wand              |    17 |    17 ||    34
  Use: Potion            |     2 |     6 ||     8
       Scroll            |     1 |     3 ||     4
 Stab: Sleeping          |     5 |     5 ||    10
  Eat: Ration            |       |     2 ||     2
Armor: Robe              |    26 |    15 ||    41
       Skin              |       |    37 ||    37
Dodge: Dodged            |   166 |   221 ||   387

Table legend:
 A = Spawn XP
 B = Non-spawn XP
 C = Spawn XP percentage of total XP
 D = Spawn monster count
 E = Non-spawn monster count
 F = Spawn count percentage of total count
 G = Total turns spent on level
                    A         B        C        D         E        F      G
               +---------+---------+-------+---------+---------+-------+---------
         Total |       0 |     471 |   0.0 |       0 |      80 |   0.0 |  5802
               +---------+---------+-------+---------+---------+-------+---------
           D:1 |       0 |      44 |   0.0 |       0 |      25 |   0.0 |  1716
           D:2 |       0 |      47 |   0.0 |       0 |      11 |   0.0 |  1006
           D:3 |       0 |      64 |   0.0 |       0 |      10 |   0.0 |  1125
           D:4 |       0 |     118 |   0.0 |       0 |       4 |   0.0 |   722
       Ossuary |       0 |     198 |   0.0 |       0 |      30 |   0.0 |  1233
               +---------+---------+-------+---------+---------+-------+---------
